 Dungeon Crawl Stone Soup version 0.26.1-11-gd32895ea62 (webtiles) character file.

Game seed: 14078159207547905465

21 Zeld the Sneak (level 2, -3/14 HPs)
             Began as a Spriggan Brigand on June 3, 2021.
             Slain by a gnoll
             ... wielding a +0 whip
              (8 damage)
             ... on level 1 of the Dungeon.
             The game lasted 00:01:48 (1175 turns).

Zeld the Sneak (Spriggan Brigand)                   Turns: 1175, Time: 00:01:48

Health: -3/14      AC:  3    Str:  7    XL:     2   Next: 62%
Magic:  3/3        EV: 17    Int: 12    God:
Gold:   16         SH:  0    Dex: 17    Spells: 1/1 levels left

rFire    . . .     SeeInvis +   a - +2 dagger
rCold    . . .     Faith    .   (shield restricted)
rNeg     . . .     Spirit   .   b - +0 robe
rPois    .         Reflect  .   (helmet restricted)
rElec    .         Harm     .   c - +0 cloak
rCorr    .         Rampage  .   (gloves unavailable)
Will     .....                  (boots unavailable)
Stlth    +++.......             (no amulet)
HPRegen  0.04/turn              (no ring)
MPRegen  0.08/turn              (no ring)

@: very quick
A: very small, unfitting armour, see invisible, speed 3
a: no special abilities


You were on level 1 of the Dungeon.
You visited 1 branch of the dungeon, and saw 1 of its levels.

You collected 16 gold pieces.

Inventory:

Hand Weapons
 a - a +2 dagger (weapon)
Missiles
 d - 8 poisoned darts (quivered)
 e - 2 curare-tipped darts
Armour
 b - a +0 robe (worn)
 c - a +0 cloak (worn)
Jewellery
 i - an uncursed ring of see invisible {unknown}
Scrolls
 g - a scroll of enchant weapon {unknown}
 h - a scroll of remove curse {unknown}
 j - a scroll of amnesia {unknown}
 k - a scroll of identify {unknown}
Potions
 f - a potion of haste {unknown}


   Skills:
 - Level 1.5 Fighting
 * Level 3.0 Short Blades
 * Level 2.7 Throwing
 - Level 1.5 Dodging
 - Level 5.8 Stealth


You had one spell level left.
You didn't know any spells.
Your spell library was empty.

Dungeon Overview and Level Annotations

Branches:
Dungeon (1/15)

Altars:


Innate Abilities, Weirdness & Mutations

You are very small and have problems with some larger weapons.
You are too small for most types of armour.
You have supernaturally acute eyesight. (SInv)
You cover ground extremely quickly.


Message History

The jackal closely misses you. The jackal completely misses you.
The jackal bites you but does no damage.
You hit the jackal.
The jackal is almost dead.
The jackal barely misses you. x2
You hit the jackal.
You kill the jackal!
The jackal misses you.
Your Short Blades skill increases to level 3!
You barely miss the jackal. The jackal bites you. x2
* * * LOW HITPOINT WARNING * * *
You are too injured to fight recklessly!
You are too injured to fight recklessly!
You are too injured to fight recklessly!
You are too injured to fight recklessly!
You are too injured to fight recklessly!
A goblin comes into view.
The gnoll hits you with a +0 whip!
Ouch! That really hurt!
You die...

g# #...#.## #....##.#####.#
.######...#.#.####....#........#
..........'......#.#.......#####
..........# #.##.#.####..#.#
##........# #....#.# #..#.#
##........#'#....#h####..#.#
.+...............#....#..#.#
##.......#........###.#.†#.#
.+..............@...#.#..#.#
##.............##g..#.#..#.#
...............###..#.#..#.#
#.#######......# #..#.#..#.#
#.##### #.#'#######.#.#..#.#
......# #.#..h...#....#..#.#
#.###.# #.######.###.##..#.#
#...#.###.# #......#..#.#
#.g.#.....## #####..#..#.######


You could see a gnoll and a jackal.

Vanquished Creatures
  2 dart slugs (D:1)
  A leopard gecko (D:1)
  A bat (D:1)
  A giant cockroach (D:1)
  A goblin (D:1)
  A hobgoblin (D:1)
  3 jackals (D:1)
  A frilled lizard (D:1)
  A kobold (D:1)
  3 rats (D:1)
15 creatures vanquished.

Notes
Turn   | Place    | Note
-------+----------+-------------------------------------------
     0 | D:1      | Zeld the Spriggan Brigand began the quest for the Orb.
     0 | D:1      | Reached XP level 1. HP: 10/10 MP: 2/2
   312 | D:1      | Reached XP level 2. HP: 14/14 MP: 3/3
  1175 | D:1      | Slain by a gnoll

Illustrated notes

Levels and vault maps discovered:
D:1:      roderic_chinese_lattice_arrival, layout_basic

Skill      XL: |  1  2 |
---------------+-------+-----
Short Blades   | 3 |  3.0
Fighting       | |  1.5
Throwing       | |  2.7
Dodging        | |  1.5
Stealth        | |  5.8

Action                   || total
-------------------------++-------
Melee: Dagger            ||    64
 Stab: Sleeping          ||     5
Armor: Robe              ||    14
Dodge: Dodged            ||    48
